General information
- name: BNet
- type: Ladder team game (AT/RT)
- host: Battle.net
- saver: WeAllGetWin
map: TwistedMeadows
- players: 4
- length: 10:17
- speed: Fast
- version: 1.24 W3XP
- replay type: Public
» download(45 KB)
Players
team 1 (loser)
Guinhu_Souza (
orange | 70 APM | 711 actions | 10:07)
1 Warden
1 Shadow Strike
» actions
| Assign group hotkey | 6 | |
| Basic commands | 26 | |
| Build / train | 28 | |
| ESC pressed | 2 | |
| Enter build submenu | 11 | |
| Enter hero's abilities submenu | 1 | |
| Right click | 438 | |
| Select / deselect | 96 | |
| Select group hotkey | 75 | |
| Use ability | 28 | |
711 total
» units
» buildings
| Altar of Elders | 1 | |
| Moon Well | 3 | |
| Ancient of Wonders | 1 | |
| Ancient of War | 2 | |
| Hunter's Hall | 1 | |
| Tree of Ages | 1 | |
| Ancient Protector | 1 | |
10 total
» build order
00:08 Altar of Elders
00:37 Moon Well
00:47 Ancient of Wonders
01:34 Moon Well
01:54 Ancient of War
03:36 Moon Well
04:33 Ancient of War
04:35 Hunter's Hall
04:37 Tree of Ages
07:11 Ancient Protector
» items
| Lesser Clarity Potion | 3 | |
| Moonstone | 1 | |
4 total
KAPITAO_ANAL (
pink | 54 APM | 545 actions | 10:10)
2 Death Knight
1 Death Coil
1 Unholy Aura
1 Lich
1 Frost Nova
» actions
| Build / train | 30 | |
| Enter build submenu | 13 | |
| Enter hero's abilities submenu | 3 | |
| Right click | 314 | |
| Select / deselect | 161 | |
| Use ability | 24 | |
545 total
» units
| Acolyte | 2 | |
| Ghoul | 2 | |
| Crypt Fiend | 5 | |
| Gargoyle | 7 | |
| Obsidian Statue | 2 | |
18 total
» upgrades
| Creature Attack | 1 | |
| Creature Carapace | 1 | |
2 total
» buildings
| Graveyard | 1 | |
| Crypt | 1 | |
| Ziggurat | 4 | |
| Altar of Darkness | 1 | |
| Tomb of Relics | 1 | |
| Nerubian Tower | 1 | |
| Halls of the Dead | 1 | |
| Black Citadel | 1 | |
| Slaughterhouse | 1 | |
| Sacrificial Pit | 1 | |
| Spirit Tower | 1 | |
14 total
» build order
00:12 Graveyard
00:24 Crypt
00:37 Ziggurat
00:50 Altar of Darkness
01:04 Ziggurat
01:36 Tomb of Relics
02:34 Nerubian Tower
03:35 Halls of the Dead
04:26 Ziggurat
07:08 Black Citadel
07:14 Slaughterhouse
07:16 Sacrificial Pit
07:58 Ziggurat
09:14 Spirit Tower
» items
team 2 (winner)

»
WeAllGetWin (
red | 72 APM | 745 actions | 10:17)
4 Mountain King
2 Storm Bolt
2 Bash
» actions
| Assign group hotkey | 64 | |
| Basic commands | 37 | |
| Build / train | 34 | |
| ESC pressed | 2 | |
| Enter build submenu | 22 | |
| Enter hero's abilities submenu | 4 | |
| Right click | 285 | |
| Select / deselect | 141 | |
| Select group hotkey | 119 | |
| Use ability | 37 | |
745 total
» units
| Peasant | 12 | |
| Footman | 9 | |
| Rifleman | 4 | |
25 total
» upgrades
» buildings
| Altar of Kings | 1 | |
| Farm | 7 | |
| Barracks | 2 | |
| Lumber Mill | 1 | |
| Scout Tower | 6 | |
| Blacksmith | 1 | |
| Keep | 1 | |
| Guard Tower | 1 | |
| Town Hall | 1 | |
21 total
» build order
00:15 Altar of Kings
00:19 Farm
01:08 Farm
01:14 Barracks
01:38 Barracks
01:52 Farm
02:30 Farm
04:25 Farm
04:28 Lumber Mill
06:04 Scout Tower
06:05 Scout Tower
06:05 Scout Tower
06:16 Scout Tower
06:17 Scout Tower
06:35 Scout Tower
06:47 Blacksmith
06:50 Keep
07:06 Guard Tower
08:08 Town Hall
08:36 Farm
08:37 Farm

»
wwwwwwwwwwwww (
blue | 46 APM | 472 actions | 10:11)
4 Demon Hunter
2 Mana Burn
2 Evasion
» actions
| Assign group hotkey | 30 | |
| Basic commands | 9 | |
| Build / train | 27 | |
| Enter build submenu | 11 | |
| Enter hero's abilities submenu | 4 | |
| Right click | 169 | |
| Select / deselect | 108 | |
| Select group hotkey | 81 | |
| Use ability | 33 | |
472 total
» units
» buildings
| Altar of Elders | 1 | |
| Moon Well | 5 | |
| Hunter's Hall | 1 | |
| Ancient of War | 2 | |
| Tree of Ages | 1 | |
| Ancient of Wonders | 1 | |
11 total
» build order
00:09 Altar of Elders
00:14 Moon Well
01:32 Hunter's Hall
01:41 Moon Well
02:12 Ancient of War
02:17 Ancient of War
03:29 Moon Well
03:35 Moon Well
07:05 Tree of Ages
08:15 Ancient of Wonders
08:17 Moon Well
Chat log
(00:06 / All) WeAllGetWin: 24-24 with ne/ud
(00:07 / All) WeAllGetWin: pathetic
(00:47 / Allies) wwwwwwwwwwwww: ne hu
(00:48 / Allies) wwwwwwwwwwwww: barfffffff
(00:56 / Allies) WeAllGetWin: i wish we could fast forward
(00:58 / Allies) WeAllGetWin: to the part where we lose
(01:00 / Allies) WeAllGetWin: and tie them
(01:15 / Allies) wwwwwwwwwwwww: im getting a dh
(01:19 / Allies) wwwwwwwwwwwww: because i sssssssswaant to
(01:22 / All) KAPITAO_ANAL: patetic
(01:25 / All) WeAllGetWin: beaners
(01:35 / All) wwwwwwwwwwwww: grandma
(01:56 / Allies) WeAllGetWin: shitrat wont stop meowing
(02:06 / Allies) wwwwwwwwwwwww: lol
(03:47 / Allies) wwwwwwwwwwwww: thats not nice
(03:49 / Allies) wwwwwwwwwwwww: what a hacker
(04:42 / Allies) WeAllGetWin: gonna towe rpush elf
(04:49 / Allies) wwwwwwwwwwwww: ok
(05:14 / Allies) WeAllGetWin: go
(05:26 / All) WeAllGetWin: beaners
(05:27 / All) WeAllGetWin: mexicans
(05:29 / All) WeAllGetWin: wetbacks
(05:45 / Allies) WeAllGetWin: stay b
(05:46 / Allies) WeAllGetWin: vs peircing
(06:30 / All) WeAllGetWin: tp more?
(06:36 / All) WeAllGetWin: beaners
(06:39 / All) WeAllGetWin: hacker beaners
(06:39 / All) WeAllGetWin: rofl
(06:41 / All) WeAllGetWin: WHITE POWER
(06:46 / All) wwwwwwwwwwwww: you guys are so bad
(06:50 / All) wwwwwwwwwwwww: i dont even know where to begin
(06:58 / All) WeAllGetWin: "hurry escobar get the wyrms"
(07:39 / All) WeAllGetWin: BRAZIL = SHIT
(07:40 / All) WeAllGetWin: BRAZIL = SHIT
(07:45 / All) Guinhu_Souza: vtf
(07:50 / All) WeAllGetWin: BRAZIL IS SHIT
(07:55 / All) wwwwwwwwwwwww: FILTHY DOGS
(08:13 / All) Guinhu_Souza: you nb
(08:14 / Allies) WeAllGetWin: MASS ARCHER
(08:15 / Allies) WeAllGetWin: HE GARG
(08:24 / Allies) WeAllGetWin: HIT
(08:26 / Allies) WeAllGetWin: I HAVE DEFEND
(09:09 / Allies) WeAllGetWin: DK
(09:10 / Allies) WeAllGetWin: DK
(09:29 / All) wwwwwwwwwwwww: coil your lich
(09:31 / All) wwwwwwwwwwwww: bitch
(09:31 / All) WeAllGetWin: MATAS BEANERS
(09:41 / All) wwwwwwwwwwwww: frijoles
(09:44 / All) wwwwwwwwwwwww: understand?
(09:46 / All) wwwwwwwwwwwww: comprende?
(09:51 / Allies) WeAllGetWin: AFK SHITCAT
(09:52 / All) wwwwwwwwwwwww: tu eres frijoles
(09:53 / All) wwwwwwwwwwwww: BEANS